 Dungeon Crawl Stone Soup version 0.30-a0-218-gedb9141078 (webtiles) character file.

Game seed: 837889795338836356

245 ytrimaz the Trooper (level 6, -11/66 HPs)
             Began as an Ogre Transmuter on Oct 5, 2022.
             Killed from afar by a goblin (20 damage)
             ... with a bolt of light
             ... on level 4 of the Dungeon.
             The game lasted 00:04:20 (3371 turns).

ytrimaz the Trooper (Ogre Transmuter)               Turns: 3371, Time: 00:04:21

Health: -11/66     AC:  4    Str: 15    XL:     6   Next: 10%
Magic:  13/13      EV: 10    Int: 22    God:
Gold:   163        SH:  0    Dex: 15    Spells: 4/15 levels left

rFire   . . .      SeeInvis .      - Unarmed
rCold   . . .      Faith    .    (no shield)
rNeg    . . .      Spirit   .    a - +1 robe
rPois   .          Reflect  .    (helmet restricted)
rElec   .          Harm     .    (no cloak)
rCorr   .          Rampage  .    (gloves unavailable)
Will    .....                    (boots unavailable)
Stlth   +.........               (no amulet)
HPRegen 0.31/turn                g - +6 ring of intelligence
MPRegen 0.13/turn                n - +6 ring of dexterity

@: confused
A: large, unfitting armour, tough skin 1
a: no special abilities


You were on level 4 of the Dungeon.
You visited 1 branch of the dungeon, and saw 4 of its levels.

You collected 163 gold pieces.


Innate Abilities, Weirdness & Mutations

You are too large for most types of armour.
You have tough skin. (AC +1)


   Skills:
 + Level 5.5 Fighting
 - Level 1.7 Dodging
 - Level 2.6 Unarmed Combat
 + Level 5.1 Spellcasting
 - Level 1.7 Transmutations


You had 4 spell levels left.
You knew the following spells:

 Your Spells              Type           Power      Damage    Failure   Level
a - Beastly Appendage     Tmut           26%        N/A       4%          1
b - Wereblood             Tmut           13%        N/A       8%          2
c - Spider Form           Tmut/Pois      9%         N/A       21%         3
d - Blade Hands           Tmut           6%         N/A       80%         5

Your spell library contained the following spells:

 Spells                   Type           Power      Damage    Failure   Level
 Portal Projectile        Hex/Tloc       10%        N/A       30%         3
 Summon Guardian Golem    Hex/Summ       5%         N/A       30%         3
 Tukima's Dance           Hex            5%         N/A       30%         3
 Ice Form                 Ice/Tmut       9%         N/A       56%         4
 Orb of Destruction       Conj           2%         9d5       100%        7
 Spellforged Servitor     Conj/Summ      2%         N/A       100%        7

Inventory:

Armour
 a - a +1 robe (worn)
Jewellery
 g - a +6 ring of intelligence (left hand)
   (You found it on level 1 of the Dungeon)
 n - a +6 ring of dexterity (right hand)
   (You found it on level 3 of the Dungeon)
Wands
 k - a wand of polymorph (10)
   (You found it on level 4 of the Dungeon)
Scrolls
 c - a scroll of noise
 f - a scroll of enchant weapon
 l - a scroll of magic mapping
 m - 3 scrolls of enchant armour
 o - a scroll of brand weapon
 p - 2 scrolls of butterflies
Potions
 d - a potion of curing
 e - 2 potions of haste
 h - a potion of ambrosia {unknown}
 i - a potion of brilliance {unknown}
 j - a potion of flight

Dungeon Overview and Level Annotations

Branches:
Dungeon (4/15) Zot: 20621
 Temple: D:4-7

Altars:
The Shining One

Annotations:
D:4 1 runed translucent door, Pooter's ghost, amateur HORe

... # . ...
... .... #.
..... ###.
####.....
....
###......
###. #..g..#
#... #)## .#.
#.@# ##
##########.>#
#...........+
#..........##
####.##
#..........)#
.......
#....########
#######
##....### #
#.......#
######
#.....#.#
......


You could see a goblin.


Message History

😕 MP[-2]
You lost 2 mp, and now have 9/11 mp.
Unknown command.
You smack the ogre!
The ogre hits you with a +0 giant club! 😮 HP[-9]
You take 9 damage, and now have 59/82 hp.
You hit the ogre.
The ogre hits you with a +0 giant club!!
* * * LOW HITPOINT WARNING * * *
Unknown command. 😨 HP[-18]
You take 18 damage, and now have 41/82 hp.
MASSIVE DAMAGE!! (PAUSE)
You hit the ogre but do no damage. 😮 HP[+1] Unknown command.
You hit the ogre. The ogre hits you with a +0 giant club!
* * * LOW HITPOINT WARNING * * *
😨 HP[-17]
You take 17 damage, and now have 25/82 hp.
MASSIVE DAMAGE!! (PAUSE)
You smack the ogre!
You feel a bit better.
You kill the ogre!
Your Fighting skill increases to level 5!
Your Spellcasting skill increases to level 5! 😨 HP[+3]
You now have 85 max hp (+3).
You regained 3 hp, and now have 28/85 hp.
Unknown command.
You barely miss the kobold. 😨 HP[+1] Unknown command.
You hit the kobold but do no damage. The kobold hits you with a +0 club.
* * * LOW HITPOINT WARNING * * *
😨 HP[-1]
You take 1 damage, and now have 28/85 hp.
You smack the kobold!
You feel a bit better.
You kill the kobold! 😨 HP[+2] MP[+1]
You regained 2 hp, and now have 30/85 hp.
Unknown command.
You smack the iguana!
You creak as the wereblood boils in your veins!
The iguana bites you but does no damage. 😨 HP[+1]
You smack the iguana!
You feel a bit better.
You kill the iguana!
You have reached level 6!
You feel stronger. 😨 HP[+6]
You now have 99 max hp (+14).
You regained 6 hp, and now have 37/99 hp.
You cannot move.
Unknown command.
You creak as the wereblood boils in your veins!
Your primal bloodlust is almost over.
Your primal bloodlust has ended.
Your transformation is almost over.
You feel less wooden.
Your +1 robe unmelds from your body.
A goblin comes into view.
It is wielding a +0 dagger and carrying a wand of light (5). 😨 HP[-5] MP[+3]
You now have 66 max hp (-33).
Your mp is fully restored (13).
A goblin is nearby!
A goblin is nearby!
A goblin is nearby!
The goblin shouts!
The goblin zaps a wand.
The bolt of light hits you!
* * * LOW HITPOINT WARNING * * *
Things that are here:
a +0 club; a +0 giant club You are too injured to fight recklessly! 😨 HP[-7]
You take 7 damage, and now have 25/66 hp.
You are too injured to fight recklessly!
Unknown command.
You start resting.
A goblin is nearby! 😨 HP[+1] Unknown command.
The goblin zaps a wand.
The bolt of light hits you!
You are confused.
* * * LOW HITPOINT WARNING * * *
Things that are here:
a +0 club; a +0 giant club; 😱 HP[-12]
You take 12 damage, and now have 14/66 hp.
Unknown command.
The goblin attacks as you move away! The goblin hits you but does no damage.
The goblin zaps a wand.
The bolt of light hits you.
* * * LOW HITPOINT WARNING * * *
😱 HP[-5]
You take 5 damage, and now have 9/66 hp.
You feel less confused.
The goblin zaps a wand.
The bolt of light hits you!!
You are confused.
You die...

Skill      XL: |  1  2  3  4  5 |
---------------+----------------+-----
Fighting       | 2 3 4 5 |  5.5
Spellcasting   | 3 4 5 |  5.1
Dodging        | |  1.7
Unarmed Combat | |  2.6
Transmutations | |  1.7

Action                   |  1- 3 |  4- 6 || total
-------------------------+-------+-------++-------
Melee: Unarmed           |   140 |    78 ||   218
       Kick              |    20 |    10 ||    30
       Headbutt          |    12 |     7 ||    19
       Punch             |     1 |       ||     1
 Cast: Beastly Appendage |    24 |    16 ||    40
       Spider Form       |     1 |     1 ||     2
       Wereblood         |     1 |     1 ||     2
Evoke: Wand              |       |     1 ||     1
  Use: Scroll            |     9 |     4 ||    13
       Potion            |       |     2 ||     2
Armor: Robe              |    50 |    19 ||    69
       Skin              |       |     5 ||     5
Dodge: Dodged            |    74 |    40 ||   114

Levels and vault maps discovered:
D:1:      erik_arrival_triangle_small, layout_loops_ring, minmay_fountain_box
D:2:      kennysheep_big_flooded_room, layout_basic,
          chequers_serial_rivers_micro_e
D:3:      layout_loops_cross, mainiacjoe_overflow_alcove_1,
          shapermc_ecumenical_altar_venn
D:4:      layout_basic, nicolae_vehumet_altar_sigil,
          nicolae_overflow_hidden_temple, hellmonk_ghost_happy_afterlife,
          nicolae_kite_square_tiling_tiny

Notes
Turn   | Place    | Note
-------+----------+-------------------------------------------
     0 | D:1      | ytrimaz the Ogre Transmuter began the quest for the Orb.
     0 | D:1      | Reached XP level 1. HP: 19/19 MP: 3/3
     0 | D:1      | magus.rc [v1.9.6]
   130 | D:1      | Reached skill level 2 in Fighting
   132 | D:1      | Reached XP level 2. HP: 28/28 MP: 5/5
   278 | D:1      | Reached skill level 3 in Spellcasting
   869 | D:2      | Reached XP level 3. HP: 36/36 MP: 5/7
   958 | D:2      | You pick up a book of Dangerous Friends and begin
                  | reading...
   958 | D:2      | You add the spells Summon Guardian Golem, Orb of
                  | Destruction and Spellforged Servitor to your library.
   962 | D:2      | Learned a level 2 spell: Wereblood
   966 | D:2      | Learned a level 3 spell: Spider Form
  1091 | D:2      | Reached skill level 3 in Fighting
  1734 | D:2      | Reached XP level 4. HP: 25/45 MP: 3/9
  2081 | D:3      | Reached skill level 4 in Spellcasting
  2343 | D:3      | Reached skill level 4 in Fighting
  2551 | D:3      | Found a faded altar of an unknown god.
  2565 | D:3      | You pick up a book of Weapons and begin reading...
  2565 | D:3      | You add the spells Tukima's Dance, Portal Projectile and
                  | Blade Hands to your library.
  2803 | D:3      | Found a glowing golden altar of the Shining One.
  2859 | D:4      | Reached XP level 5. HP: 38/55 MP: 11/11
  2865 | D:4      | Learned a level 5 spell: Blade Hands
  3011 | D:4      | Noticed Pooter's ghost (amateur HORe)
  3022 | D:4      | Found a runed translucent door.
  3316 | D:4      | Noticed an ogre
  3326 | D:4      | Killed an ogre
  3327 | D:4      | Reached skill level 5 in Fighting
  3327 | D:4      | Reached skill level 5 in Spellcasting
  3332 | D:4      | Reached XP level 6. HP: 37/66 MP: 10/13
  3369 | D:4      | HP: 14/66 [goblin/bolt of light (12)]
  3371 | D:4      | Killed from afar by a goblin

Vanquished Creatures
  An ogre (D:4)
  An iguana (D:4)
  6 adders
  A worm (D:2)
  4 dart slugs
  An orc (D:4)
  5 bats
  5 endoplasms
  2 giant cockroaches
  6 goblins
  6 hobgoblins
  4 jackals (D:1)
  5 quokkas
  4 ball pythons
  A frilled lizard (D:2)
  7 kobolds
  7 rats
66 creatures vanquished.

Table legend:
 A = Non-vault XP
 B = Vault XP
 C = Vault XP percentage of total XP
 D = Non-vault monster count
 E = Vault monster count
 F = Vault count percentage of total count
                 A         B        C        D         E       F
            +---------+---------+-------+---------+---------+-------
      Total |     335 |      15 |   4.3 |      64 |       2 |   3.0
            +---------+---------+-------+---------+---------+-------
        D:1 |      30 |       0 |   0.0 |      17 |       0 |   0.0
        D:2 |      62 |      15 |  19.5 |      24 |       2 |   7.7
        D:3 |      24 |       0 |   0.0 |       7 |       0 |   0.0
        D:4 |     219 |       0 |   0.0 |      16 |       0 |   0.0
            +---------+---------+-------+---------+---------+-------

Illustrated notes

Table legend:
 A = Kills in this place as a percentage of kills in entire the game.
 B = Kills by you in this place as a percentage of kills by you in the entire game.
 C = Kills by friends in this place as a percentage of kills by friends in the entire game.
 D = Other kills in this place as a percentage of other kills in the entire game.
 E = Experience gained in this place as a percentage of experience gained in the entire game.
 F = Experience gained in this place divided by the number of levels of this place that you have seen.
                   A       B       C       D       E      F
               +-------+-------+-------+-------+-------+----------------------
         Total | 100.0 | 100.0 |   N/A |   N/A | 100.0 |  87.5
       Dungeon | 100.0 | 100.0 |   N/A |   N/A | 100.0 |  87.5
               +-------+-------+-------+-------+-------+----------------------

Table legend: (Time is in decaauts)
 A = Elapsed time spent in this place.
 B = Non-inter-level travel time spent in this place.
 C = Inter-level travel time spent in this place.
 D = Time resting spent in this place.
 E = Time spent auto-exploring this place.
 F = Levels seen in this place.
 G = Mean time per level.
                   A        B        C        D        E       F      G
               +--------+--------+--------+--------+--------+-----+--------+
         Total |   3377 |   3317 |     60 |      5 |   2768 |   4 |  844.2 |
       Dungeon |   3377 |   3317 |     60 |      5 |   2768 |   4 |  844.2 |
               +--------+--------+--------+--------+--------+-----+--------+

Top non-repeatable levels by time:
     D:2: 1259 daAuts
     D:1: 812 daAuts
     D:3: 773 daAuts
     D:4: 532 daAuts
